AoeStats
← Sanzana1

Lombardia

509145580Analyzed
2v2 RM · 7d ago on Sep 25, 2026· 64m 15s· 4 players
Game mode
Random Map
Map size
Medium (4 player)
Population
200
Speed
Normal
Resources
Standard
Victory
Conquest
Starting age
Dark Age
Ending age
Imperial Age
RankedLock teamsTeams togetherTeam positionsShared explorationLock speedFull tech treeHidden civsTurbo modeCheats
Victory
Defeat
🇵🇱 Khmer · Poland
735
+12
🇵🇱 Romans · Poland
715
+13
🇨🇱 Goths · Chile
688
-14
🇨🇱 Britons · Chile
616
-11
Mudrifikator
4:11 Loom
5:11 Loom
12:07 Feudal Age
13:28 Wheelbarrow
13:15 Double-Bit Axe
16:05 Horse Collar
17:28 Bloodlines
23:38 Castle Age
22:10 Gold Mining
22:11 Stone Mining
24:14 Light Cavalry
28:14 Forging
28:09 Scale Barding Armor
27:55 Fletching
29:37 Gold Shaft Mining
29:37 Stone Shaft Mining
29:14 Bow Saw
29:07 Heavy Plow
30:45 Husbandry
32:25 Bodkin Arrow
33:44 Chain Barding Armor
39:00 Imperial Age
38:42 Ballistics
39:54 Double Crossbow
41:56 Heavy Scorpion
44:04 Siege Engineers
43:50 Cavalier
45:11 Conscription
46:13 Crop Rotation
48:32 Hussar
51:55 Hand Cart
52:37 Iron Casting
58:02 Capped Ram
58:40 Elite Ballista Elephant
61:51 Town Watch
63:51 Siege Ram
kajda.air
8:44 Loom
11:53 Feudal Age
12:28 Double-Bit Axe
16:33 Horse Collar
20:26 Castle Age
22:08 Bow Saw
24:32 Squires
25:28 Pikeman
26:10 Scale Mail Armor
27:38 Chain Mail Armor
30:02 Ballistics
34:08 Man-at-Arms
35:01 Forging
35:08 Ballistas
37:15 Iron Casting
36:33 Long Swordsman
41:46 Scale Barding Armor
44:03 Wheelbarrow
48:21 Imperial Age
48:51 Heavy Scorpion
49:58 Legionary
54:39 Conscription
54:56 Capped Ram
Sanzana1
11:14 Feudal Age
12:35 Wheelbarrow
11:46 Double-Bit Axe
11:43 Horse Collar
14:48 Gold Mining
16:21 Loom
16:54 Stone Mining
22:41 Castle Age
22:18 Padded Archer Armor
22:09 Fletching
24:52 Gold Shaft Mining
24:41 Heavy Plow
24:53 Bow Saw
26:49 Hand Cart
28:19 Crossbowman
29:08 Pikeman
32:22 Leather Archer Armor
32:02 Bodkin Arrow
32:31 Yeomen
34:18 Ballistics
37:47 Imperial Age
39:44 Chemistry
41:02 Warwolf
40:39 Onager
42:02 Elite Longbowman
44:08 Ring Archer Armor
43:49 Forging
43:39 Scale Mail Armor
45:08 Bracer
45:27 Arbalester
Seba013009
3:04 Loom
16:14 Feudal Age
17:20 Double-Bit Axe
17:20 Horse Collar
18:04 Man-at-Arms
23:17 Wheelbarrow
25:24 Forging
27:51 Castle Age
26:10 Scale Mail Armor
26:18 Scale Barding Armor
26:15 Gold Mining
26:28 Stone Mining
28:02 Long Swordsman
28:04 Crossbowman
30:52 Hand Cart
31:09 Bow Saw
31:37 Stone Shaft Mining
31:04 Heavy Plow
35:17 Iron Casting
34:57 Chain Mail Armor
35:03 Chain Barding Armor
37:04 Anarchy
47:19 Imperial Age
45:22 Fletching
45:34 Padded Archer Armor
48:09 Elite Huskarl
Connection lost

Rejoining the realm…

Still unreachable

The connection could not be restored.

Session expired

The server has moved on; the page needs a fresh start.